 Dungeon Crawl Stone Soup version 0.28-a0-821-g923ab73998 (webtiles) character file.

Game seed: 3497367218955923987

2200 Decritt the Covert (level 9, -8/45 HPs)
             Began as a Spriggan Enchanter on Nov 9, 2021.
             Was an Initiate of Dithmenos.
             Killed by divine providence
             ... invoked by an orc priest
              (13 damage)
             ... on level 8 of the Dungeon.
             The game lasted 01:25:00 (19067 turns).

Decritt the Covert (Spriggan Enchanter)            Turns: 19067, Time: 01:25:01

Health: -8/45      AC:  4    Str:  4    XL:     9   Next: 12%
Magic:  8/14       EV: 21    Int: 16    God:    Dithmenos [......]
Gold:   436        SH:  6    Dex: 19    Spells: 3/14 levels left

rFire   . . .      SeeInvis +   g - +0 dagger (venom)
rCold   + . .      Faith    .   f - +0 buckler
rNeg    . . .      Spirit   .   x - +1 robe {Archmagi}
rPois   .          Reflect  .   (helmet restricted)
rElec   .          Harm     .   o - +0 cloak
rCorr   .          Rampage  .   (gloves unavailable)
Will    +....      Archmagi +   (boots unavailable)
Stlth   +++++.....              (no amulet)
HPRegen 0.15/turn               l - ring of protection from cold
MPRegen 0.14/turn               C - ring of wizardry

@: confusing by touch, very quick
A: very small, no large weapons, unfitting armour, see invisible, speed 3
a: Renounce Religion


You were on level 8 of the Dungeon.
You worshipped Dithmenos.
Dithmenos was noncommittal.
You visited 2 branches of the dungeon, and saw 9 of its levels.

You collected 436 gold pieces.

Inventory:

Hand Weapons
 g - a +0 dagger of venom (weapon)
Missiles
 a - 2 throwing nets
 r - 8 poisoned darts (quivered)
 s - 52 sling bullets
Armour
 f - a +0 buckler (worn)
 o - a +0 cloak (worn)
 x - a +1 robe of the Archmagi (worn)
Jewellery
 l - a ring of protection from cold (left hand)
 y - a ring of protection from cold
 C - a ring of wizardry (right hand)
Wands
 u - a wand of flame (30)
 D - a wand of acid (4)
Scrolls
 d - a scroll of immolation
 e - a scroll of summoning {unknown}
 i - 2 scrolls of fear {unknown}
 j - a scroll of silence {unknown}
 k - a scroll of teleportation
 m - a scroll of fog {unknown}
 q - a scroll of enchant armour {unknown}
 t - a scroll of noise {unknown}
Potions
 b - a potion of lignification {unknown}
 c - a potion of invisibility
 h - 4 potions of attraction
 n - 2 potions of curing
 p - 2 potions of mutation
 v - 2 potions of cancellation
 w - a potion of flight {unknown}
 z - a potion of brilliance {unknown}
 A - 2 potions of heal wounds {unknown}
 B - a potion of haste {unknown}


   Skills:
 + Level 3.9 Fighting
 + Level 5.3 Short Blades
 - Level 0.6(2.5) Long Blades
 + Level 6.8 Dodging
 - Level 10.0 Stealth
 + Level 1.8 Shields
 - Level 3.0 Spellcasting
 - Level 1.2 Conjurations
 + Level 6.9 Hexes
 - Level 1.0 Ice Magic


You had 3 spell levels left.
You knew the following spells:

 Your Spells              Type           Power      Damage    Failure   Level
a - Confusing Touch       Hex            36%        N/A       1%          3
b - Tukima's Dance        Hex            36%        N/A       1%          3
c - Ensorcelled Hibernat  Hex/Ice        44%        N/A       3%          2
d - Dazzling Flash        Conj/Hex       46%        N/A       6%          3

Your spell library contained the following spells:

 Spells                   Type           Power      Damage    Failure   Level
 Fireball                 Conj/Fire      3%         3d4       90%         5
 Starburst                Conj/Fire      3%         6d3       100%        6
 Ignition                 Fire           1%         3d3       100%        8


Dungeon Overview and Level Annotations

Branches:
Dungeon (8/15)             Temple (1/1) D:7            Lair (0/6) D:8

Altars:
Ashenzari
Cheibriados
Dithmenos
Elyvilon
Fedhas
Gozag
Hepliaklqana
Kikubaaqudgha
Makhleb
Nemelex Xobeh
Okawaru
Ru
Sif Muna
Trog
Uskayaw
Vehumet
Wu Jian
Xom
Zin
The Shining One

Shops:
D:7 *=


Innate Abilities, Weirdness & Mutations

You are very small and have problems with some larger weapons.
You are too small for most types of armour.
You have supernaturally acute eyesight. (SInv)
You cover ground extremely quickly. (Speed+++)


Message History

You catch the helpless orc completely off-guard!
You impale the orc!!
You kill the orc!
Dithmenos accepts your kill.
There is a stone staircase leading down here.
You climb downwards.
There is a stone staircase leading up, spattered with blood here.
Casting: Confusing Touch (safe; 1% risk of failure)
Confirm with . or Enter, or press ? or * to list all spells.
You feel a surge of power!
Your hands begin to glow red.
The orc priest invokes the aid of Beogh against you.
Beogh smites you!
You hit the orc priest but do no damage.
The orc priest is moderately wounded.
You block the orc priest's attack.
You barely miss the orc priest.
The orc priest is moderately wounded.
The orc priest mumbles some strange prayers to Beogh against you.
Beogh smites you!
* * * LOW HITPOINT WARNING * * *
You barely miss the orc priest.
The orc priest is moderately wounded.
Unknown command.
Casting: Confusing Touch (safe; 1% risk of failure)
Confirm with . or Enter, or press ? or * to list all spells.
Aiming: Ensorcelled Hibernation (safe; 3% risk of failure)
Press: ? - help, Shift-Dir - straight line, f - orc priest
Aim: an orc priest, wielding a +0 club (moderately wounded, chance to confuse on hit: 64%, chance to affect: 51%)
You feel a surge of power!
The orc priest resists with some effort.
The orc priest invokes the aid of Beogh against you.
Pain shoots through your body!
* * * LOW HITPOINT WARNING * * *
The orc priest invokes the aid of Beogh against you.
Beogh smites you!
* * * LOW HITPOINT WARNING * * *
There is a stone staircase leading up, spattered with blood here.
The orc priest invokes the aid of Beogh against you.
Beogh smites you!
You die...

## #### .....+
...#... .....#
.>.#.>.##†....#
#...#)..#
##'...#
.#####.....#
......)o...#
...........#
.......@...#
...........#
...........#
...........#
...........#
...........#
...........#
...........#


You could see an orc priest.

Vanquished Creatures
  Sigmund (D:4)
  A warg (D:6)
  2 orc warriors
  A sky beast (D:6)
  4 centaurs
  A kobold brigand (D:5)
  2 bullfrogs
  3 scorpions
  2 howler monkeys
  A bullfrog zombie (D:6)
  2 centaur skeletons
  A centaur zombie (D:6)
  An orc priest (D:6)
  4 jellies
  A hound (D:5)
  A bullfrog skeleton (D:6)
  Ijyb (D:4)
  4 iguanas
  2 orc wizards
  A hound zombie (D:5)
  A hound skeleton (D:4)
  Robin (D:4)
  2 gnolls
  A howler monkey skeleton (D:4)
  4 adders
  3 white imps
  An ufetubus (D:1)
  A worm (D:1)
  2 dart slugs
  10 orcs
  4 endoplasms
  3 giant cockroaches
  16 goblins
  12 hobgoblins
  6 jackals (D:2)
  5 quokkas
  8 ball pythons
  7 bats
  7 frilled lizards
  A jackal skeleton (D:4)
  6 kobolds
  6 rats
143 creatures vanquished.

Vanquished Creatures (collateral kills)
  An ogre (D:5)
  A gnoll (D:5)
  9 orcs
  2 kobolds (D:6)
13 creatures vanquished.

Vanquished Creatures (others)
  9 dancing weapons
9 creatures vanquished.

Grand Total: 165 creatures vanquished

Notes
Turn   | Place    | Note
-------+----------+-------------------------------------------
     0 | D:1      | Decritt the Spriggan Enchanter began the quest for the Orb.
     0 | D:1      | Reached XP level 1. HP: 9/9 MP: 5/5
   827 | D:1      | Reached skill level 5 in Stealth
   935 | D:1      | Reached XP level 2. HP: 13/13 MP: 6/6
   959 | D:1      | Noticed an eye of devastation
   961 | D:1      | Found a faded altar of an unknown god.
  1197 | D:1      | Noticed an eye of devastation
  1371 | D:1      | Reached skill level 6 in Stealth
  1604 | D:1      | Noticed a golden eye
  1604 | D:1      | Noticed a great orb of eyes
  1966 | D:1      | You fall into a shaft and drop 1 floor!
  2026 | D:2      | Reached XP level 3. HP: 10/16 MP: 8/8
  5032 | D:2      | Reached XP level 4. HP: 17/21 MP: 9/9
  5673 | D:3      | Found a bloodstained altar of Trog.
  5764 | D:3      | Reached skill level 7 in Stealth
  6668 | D:3      | Found a burning altar of Makhleb.
  7464 | D:4      | Noticed Ijyb
  8034 | D:4      | Found a glowing golden altar of the Shining One.
  8076 | D:4      | Noticed Sigmund
  8253 | D:4      | Noticed a +0 spear
  8253 | D:4      | Noticed a +0 short sword
  8254 | D:4      | Noticed a +0 dagger
  8254 | D:4      | Noticed a +0 short sword
  8255 | D:4      | Noticed a +0 falchion
  8255 | D:4      | Noticed a +0 dagger
  8256 | D:4      | Noticed a +0 falchion
  8258 | D:4      | Noticed a +0 spear
  8259 | D:4      | Found a hide-covered altar of Uskayaw.
  8281 | D:4      | Reached XP level 5. HP: 24/24 MP: 10/10
  9387 | D:4      | Reached XP level 6. HP: 28/28 MP: 11/11
  9727 | D:4      | Reached skill level 5 in Hexes
  9810 | D:4      | Found a white marble altar of Elyvilon.
  9838 | D:4      | Noticed Robin
  9879 | D:4      | Learned a level 3 spell: Tukima's Dance
  9948 | D:4      | Learned a level 3 spell: Confusing Touch
 10467 | D:4      | Killed Robin
 10499 | D:4      | Learned a level 2 spell: Ensorcelled Hibernation
 10629 | D:4      | Identified the +4 scale mail of the Hidden Vale {rCorr
                  | MP+9}
 10796 | D:4      | Found a glowing golden altar of the Shining One.
 10819 | D:4      | Killed Ijyb
 10927 | D:4      | Found a white marble altar of Elyvilon.
 11400 | D:5      | Entered Level 5 of the Dungeon
 11795 | D:4      | Killed Sigmund
 11796 | D:4      | Reached skill level 8 in Stealth
 11796 | D:4      | Reached XP level 7. HP: 31/32 MP: 6/12
 12426 | D:4      | Found a hide-covered altar of Uskayaw.
 12809 | D:5      | Learned a level 3 spell: Dazzling Flash
 12857 | D:5      | Reached skill level 5 in Dodging
 13073 | D:5      | Reached skill level 1 in Fighting
 13679 | D:5      | Reached skill level 9 in Stealth
 14011 | D:6      | Reached XP level 8. HP: 31/39 MP: 7/13
 14119 | D:6      | Reached skill level 1 in Ice Magic
 14309 | D:6      | Reached skill level 1 in Conjurations
 16819 | D:6      | Reached skill level 1 in Shields
 17396 | D:7      | Found a snail-covered altar of Cheibriados.
 17450 | D:7      | Noticed a cyclops
 17657 | D:8      | Found a staircase to the Lair.
 18003 | D:6      | Reached skill level 5 in Short Blades
 18117 | D:7      | Found Mofaenuq's Assorted Antiques.
 18117 | D:7      | Found Duof's Jewellery Emporium.
 18190 | D:7      | Reached XP level 9. HP: 45/45 MP: 14/14
 18206 | D:7      | Reached skill level 10 in Stealth
 18617 | D:7      | Found a staircase to the Ecumenical Temple.
 18629 | Temple   | Entered the Ecumenical Temple
 18775 | Temple   | Became a worshipper of Dithmenos the Shadowed
 19067 | D:8      | Killed from afar by an orc priest

Illustrated notes

Levels and vault maps discovered:
D:1:      erik_arrival_orb_chamber, layout_basic,
          hellmonk_ecumenical_altar_watching_god
D:2:      layout_rooms, kennysheep_pointless_box
D:3:      layout_loops_ring, amcnicky_altar_gilded, trog_butcher_becter,
          wander_ebering_terrifying_dragon_lair
D:4:      kennysheep_spiral_hall, layout_basic, kennysheep_little_box,
          nicolae_uskayaw_en_pointe, nicolae_overflow_crystal_walls, uniq_ijyb,
          uniq_robin, uniq_sigmund
D:5:      layout_cave_pools, kennysheep_cross_room
D:6:      layout_layer_cave, minivault_11
D:7:      layout_basic, lemuel_coloured_pillars_altar,
          minmay_temple_entry_wispy, serial_shops, nicolae_shop_trees, shop
D:8:      layout_gridville, mainiacjoe_overflow_24_doors,
          erik_lair_orcish_takeover, nicolae_ossuary_entry_false_entrances
Temple:   eino_narrow_crystal_temple

Skill      XL: |  1  2  3  4  5  6  7  8  9 |
---------------+----------------------------+-----
Stealth        | 5 6 7 8 9 10 | 10.0
Hexes          | 4 5 6 |  6.9
Short Blades   | 2 3 4 5 |  5.3
Dodging        | 3 4 5 6 |  6.8
Spellcasting   | 3 |  3.0
Fighting       | 2 3 |  3.9
Ice Magic      | 1 |  1.0
Conjurations   | 1 |  1.2
Shields        | 1 |  1.8
Long Blades    | |  0.6

Action                   |  1- 3 |  4- 6 |  7- 9 || total
-------------------------+-------+-------+-------++-------
Melee: Dagger            |   225 |   155 |   188 ||   568
Throw: Dart              |       |       |     7 ||     7
 Cast: Tukima's Dance    |       |     6 |    40 ||    46
       Ensorcelled Hiber |       |     1 |     9 ||    10
       Confusing Touch   |       |       |    18 ||    18
  Use: Potion            |     2 |       |       ||     2
       Scroll            |       |       |     6 ||     6
 Stab: Sleeping          |    15 |    14 |    13 ||    42
       Distracted        |       |     2 |     2 ||     4
       Confused          |       |       |    13 ||    13
Armor: Robe              |    40 |    14 |    11 ||    65
       Animal skin       |       |     2 |       ||     2
Dodge: Dodged            |   178 |   133 |   148 ||   459
Block: Buckler           |       |       |    12 ||    12

Table legend: (Time is in decaauts)
 A = Elapsed time spent in this place.
 B = Non-inter-level travel time spent in this place.
 C = Inter-level travel time spent in this place.
 D = Time resting spent in this place.
 E = Time spent auto-exploring this place.
 F = Levels seen in this place.
 G = Mean time per level.
                   A        B        C        D        E       F      G
               +--------+--------+--------+--------+--------+-----+--------+
         Total |  15787 |  15652 |    135 |   9452 |   2755 |   9 | 1754.1 |
       Dungeon |  15668 |  15542 |    126 |   9452 |   2655 |   8 | 1958.5 |
        Temple |    119 |    111 |      8 |      0 |     99 |   1 |  119.0 |
               +--------+--------+--------+--------+--------+-----+--------+

Top non-repeatable levels by time:
     D:1: 3524 daAuts
     D:4: 3060 daAuts
     D:3: 2922 daAuts
     D:5: 2221 daAuts
     D:6: 1860 daAuts
     D:2: 1233 daAuts
     D:7: 697 daAuts
     D:8: 149 daAuts
  Temple: 119 daAuts
